AoeStats
← Brisingr

Arabian Desert

510186662Analyzed
1v1 RM · 4d ago on Sep 29, 2026· 51m 21s· 2 players
Game mode
Random Map
Map size
Tiny (2 player)
Population
200
Speed
Normal
Resources
Standard
Victory
Conquest
Starting age
Dark Age
Ending age
Imperial Age
RankedLock teamsTeams togetherTeam positionsShared explorationLock speedFull tech treeHidden civsTurbo modeCheats
Victory
Defeat
🇫🇷 Varangians · France
1539
+17
🇵🇹 Magyars · Portugal
1556
-17
Ode
8:03 Loom
10:21 Feudal Age
10:26 Man-at-Arms
10:59 Double-Bit Axe
11:46 Horse Collar
12:16 Arson
15:41 Scale Mail Armor
16:48 Fletching
22:22 Castle Age
21:37 Forging
23:09 Squires
24:42 Bow Saw
24:33 Heavy Plow
26:17 Chain Mail Armor
27:43 Gambesons
29:30 Wheelbarrow
28:41 Town Watch
31:31 Hand Cart
32:50 Bodkin Arrow
34:32 Guard Tower
35:10 Elite Skirmisher
38:36 Imperial Age
36:04 Elite Skirmisher
37:34 Padded Archer Armor
38:00 Ballistics
38:54 Fervor
39:30 Leather Archer Armor
39:19 Bracer
39:20 Gold Mining
39:20 Stone Mining
40:38 Chemistry
41:47 Conscription
42:29 Forging
43:11 Plate Mail Armor
42:12 Elite Varangian Guard
43:43 Murder Holes
45:05 Capped Ram
47:03 Ring Archer Armor
46:44 Forging
46:31 Siege Ram
48:19 Iron Casting
47:22 Gothikon
49:08 Stone Shaft Mining
52:38 Blast Furnace
Brisingr
5:53 Loom
6:57 Loom
9:04 Feudal Age
11:10 Horse Collar
18:08 Fletching
23:14 Castle Age
21:03 Double-Bit Axe
22:47 Gold Mining
23:31 Padded Archer Armor
23:43 Bloodlines
23:56 Bodkin Arrow
25:14 Bow Saw
30:43 Husbandry
35:15 Wheelbarrow
35:09 Leather Archer Armor
34:58 Town Watch
37:29 Light Cavalry
41:06 Imperial Age
41:20 Ballistics
41:51 Scale Barding Armor
42:56 Two-Man Saw
42:05 Bracer
42:34 Thumb Ring
43:57 Hussar
45:03 Chain Barding Armor
45:12 Hand Cart
45:42 Conscription
50:36 Bracer
Connection lost

Rejoining the realm…

Still unreachable

The connection could not be restored.

Session expired

The server has moved on; the page needs a fresh start.